 Dungeon Crawl Stone Soup version 0.31-a0-692-gf03d1854d5 (webtiles) character file.

Game seed: 17615267143967688909

373 Ijustatesigmund the Trooper (level 6, 0/57 HPs)
             Began as a Hill Orc Fighter on Sept 7, 2023.
             Slain by Pikel
             ... wielding a +0 whip of freezing
              (6 damage)
             ... on level 3 of the Dungeon.
             The game lasted 00:05:17 (3367 turns).

Ijustatesigmund the Trooper (Hill Orc Fighter)      Turns: 3367, Time: 00:05:17

Health: 0/57       AC:  8    Str: 21    XL:     6   Next: 71%
Magic:  6/6        EV:  9    Int:  8    God:
Gold:   188        SH:  4    Dex: 10    Spells: 5/5 levels left

rFire   . . .        a - +0 war axe
rCold   . . .        c - +0 buckler
rNeg    . . .        b - +0 scale mail
rPois   .            (no helmet)
rElec   .            (no cloak)
rCorr   .            (no gloves)
SInv    .            f - +0 pair of boots
Will    .....        (no amulet) Stlth
                     (no ring)
HPRegen 0.29/turn    (no ring)
MPRegen 0.10/turn

%: no passive effects
@: no status effects
A: no striking features
a: no special abilities


You were on level 3 of the Dungeon.
You visited 1 branch of the dungeon, and saw 4 of its levels.
You also visited: Sewer.

You collected 188 gold pieces.

Inventory:

Hand Weapons
 a - a +0 war axe (weapon)
Armour
 b - a +0 scale mail (worn)
 c - a +0 buckler (worn)
 f - a +0 pair of boots (worn)
Scrolls
 g - a scroll of blinking
 h - a scroll of torment
 i - 2 scrolls of amnesia
 j - a scroll of butterflies {unknown}
 l - a scroll of enchant weapon {unknown}
 m - 3 scrolls of identify {unknown}
 q - a scroll of teleportation {unknown}
 s - a scroll of fog {unknown}
Potions
 d - 2 potions of might
 e - a potion of heal wounds {unknown}
 k - a potion of enlightenment {unknown}
 n - a potion of curing
 o - a potion of attraction {unknown}
 p - a potion of degeneration {unknown}
 r - a potion of invisibility {unknown}


   Skills:
 + Level 6.3 Fighting
 + Level 6.2 Axes
 + Level 4.4 Armour
 - Level 3.2 Shields


You had 5 spell levels left.
You didn't know any spells.
Your spell library contained the following spells:

 Spells                   Type           Power      Damage    Failure   Level
 Magic Dart               Conj           0%         1d3       80%         1
 Sandblast                Erth           0%         2d4       80%         1
 Passwall                 Tmut/Erth      0%         N/A       91%         2
 Searing Ray              Conj           0%         2d4       91%         2
 Stone Arrow              Conj/Erth      0%         3d7       99%         3
 Fulminant Prism          Conj/Hex       0%         3d5       100%        4


Dungeon Overview and Level Annotations

Branches:
Dungeon (4/15)              Sewer (visited)
 Temple: D:4-7

Altars:
Kikubaaqudgha
Qazlal

Annotations:
D:3 Pikel


Message History

The ball python constricts you. You block Pikel's attack.
The ball python bites you but does no damage.
The ball python constricts you.
You slash Pikel!
Pikel is severely wounded.
You hit the ball python.
Pikel hits you with a +0 whip of freezing.
Pikel freezes you.
The ball python bites you but does no damage.
The ball python constricts you.
You closely miss Pikel.
Pikel is severely wounded.
You hit the ball python.
You kill the ball python!
Pikel hits you with a +0 whip of freezing.
Pikel freezes you.
Pikel hits you with a +0 whip of freezing.
Pikel freezes you.
* * * LOW HITPOINT WARNING * * *
You slash Pikel!
Pikel is almost dead.
Pikel hits you but does no damage.
You closely miss Pikel.
Pikel is almost dead.
Pikel hits you with a +0 whip of freezing.
* * * LOW HITPOINT WARNING * * *
Pikel freezes you.
* * * LOW HITPOINT WARNING * * *
You closely miss Pikel.
Pikel is almost dead.
Pikel hits you with a +0 whip of freezing.
* * * LOW HITPOINT WARNING * * *
Pikel freezes you.
* * * LOW HITPOINT WARNING * * *
You hit Pikel but do no damage.
Pikel is almost dead.
You block Pikel's attack.
Pikel hits you with a +0 whip of freezing.
You die...
Pikel says, "Another soul for the market."

# #.#####..........≈...#.## #
#..................(....#
#.<####......#....#####.# #..#
##.......#.## #.# #..#
#.#..####.# ####.#### #..#
#)#.......# #.......#
###..#####...#########.##.##.####
.........>.##########...........#
###.......## #.K@†.##.###...###.#
....###...####.....##.#G#...#G#.#
....###............##.###...###.#
....##..#.####.....##...........#
....~........#.....##....._.....#
##.##≈≈.~≈##.########.....[.....#
##.##≈~~~≈##~### #.###...###.#
##.~~.....≈~...# #.#G#...#G#.#
##.~~.....~~.#.# #.###...###.#


You could see Pikel.

Vanquished Creatures
  2 bullfrogs (Sewer)
  6 gnolls
  10 adders
  A worm (D:2)
  3 dart slugs (D:2)
  An orc (D:3)
  2 bats
  10 endoplasms
  11 giant cockroaches
  A goblin (D:3)
  2 hobgoblins
  2 jackals (D:2)
  4 kobolds
  8 quokkas
  11 ball pythons
  15 frilled lizards
  6 rats
95 creatures vanquished.

Notes
Turn   | Place    | Note
-------+----------+-------------------------------------------
     0 | D:1      | Ijustatesigmund the Hill Orc Fighter began the quest for
                  | the Orb.
     0 | D:1      | Reached XP level 1. HP: 19/19 MP: 1/1
   549 | D:2      | Reached XP level 2. HP: 15/27 MP: 2/2
   814 | D:2      | Reached XP level 3. HP: 25/34 MP: 3/3
  1193 | D:2      | Reached XP level 4. HP: 41/41 MP: 4/4
  1438 | D:2      | Reached skill level 5 in Fighting
  1564 | D:3      | Found an ancient bone altar of Kikubaaqudgha.
  1647 | D:3      | Found a glowing drain.
  1659 | D:3      | Reached skill level 5 in Axes
  1661 | Sewer    | Entered a sewer
  1690 | Sewer    | Reached XP level 5. HP: 48/48 MP: 5/5
  2047 | Sewer    | Reached XP level 6. HP: 9/57 MP: 6/6
  2760 | D:3      | Found a stormy altar of Qazlal.
  2780 | D:3      | Found a faded altar of an unknown god.
  2781 | D:3      | Noticed a great orb of eyes
  2783 | D:3      | Noticed a great orb of eyes
  2783 | D:3      | Noticed an eye of devastation
  2783 | D:3      | Noticed a golden eye
  3349 | D:4      | Noticed Pikel
  3367 | D:3      | Slain by Pikel

Illustrated notes

Levels and vault maps discovered:
D:1:      scummos_arrival_simple_crosswalls, layout_basic
D:2:      layout_basic, kennysheep_generic_room_5
D:3:      layout_loops_cross, kiku_gazebo_pond_becter,
          nicolae_qazlal_general_emergency,
          hellmonk_ecumenical_altar_watching_god, cheibrodos_sewer_entry_sluice,
          kennysheep_minor_cross
D:4:      layout_gridville, serial_shops, kennysheep_mini, nicolae_shop_crystal,
          shop, shop, nicolae_shop_dealshenge, minmay_pentomino_pile,
          uniq_pikel, uniq_grinder

Skill      XL: |  1  2  3  4  5  6 |
---------------+-------------------+-----
Axes           | 3 4 5 6 |  6.2
Fighting       | 4 5 6 |  6.3
Armour         | 4 |  4.4
Shields        | |  3.2

Action                     |  1- 3 |  4- 6 || total
---------------------------+-------+-------++-------
  Melee: War axe           |    56 |   232 ||   288
    Use: Scroll            |     2 |       ||     2
         Potion            |       |     2 ||     2
 Armour: Scale mail        |    31 |   177 ||   208
  Dodge: Dodged            |    30 |   134 ||   164
  Block: Buckler           |    10 |    54 ||    64

Table legend: (Time is in decaauts)
 A = Elapsed time spent in this place.
 B = Non-inter-level travel time spent in this place.
 C = Inter-level travel time spent in this place.
 D = Time resting spent in this place.
 E = Time spent auto-exploring this place.
 F = Levels seen in this place.
 G = Mean time per level.
                   A        B        C        D        E       F      G
               +--------+--------+--------+--------+--------+-----+--------+
         Total |   3528 |   3476 |     52 |    582 |   2169 |   5 |  705.6 |
       Dungeon |   2620 |   2568 |     52 |    346 |   1820 |   4 |  655.0 |
         Sewer |    907 |    907 |      0 |    236 |    349 |   1 |  907.0 |
               +--------+--------+--------+--------+--------+-----+--------+

Top non-repeatable levels by time:
     D:2: 1024 daAuts
     D:3: 961 daAuts
   Sewer: 907 daAuts
     D:1: 537 daAuts
     D:4: 98 daAuts
